 Dungeon Crawl Stone Soup version 0.26-a0-642-g67e99244d3 (webtiles) character file.

Game seed: 6018120434892349888

418 KristoblXynda the Ruffian (level 6, -4/53 HPs)
             Began as a Troll Hedge Wizard on Sept 22, 2020.
             Slain by a two-headed ogre
             ... wielding a +0 giant club
              (14 damage)
             ... on level 4 of the Dungeon.
             The game lasted 00:04:52 (2281 turns).

KristoblXynda the Ruffian (Troll Hedge Wizard)      Turns: 2281, Time: 00:04:53

Health: -4/53      AC: 10    Str: 19    XL:     6   Next: 61%
Magic:  8/8        EV: 11    Int: 11    God:
Gold:   173        SH:  0    Dex: 10    Spells: 8/9 levels left

rFire    . . .     SeeInvis .     - Unarmed
rCold    + . .     Faith    .   (no shield)
rNeg     . . .     Spirit   .   b - +0 robe
rPois    .         Reflect  .   c - +0 hat
rElec    .         Harm     .   (no cloak)
rCorr    .         Rampage  .   (gloves unavailable)
MR       .....                  (boots unavailable)
Stlth    +.........             (no amulet)
HPRegen  0.57/turn              i - ring of protection from cold
MPRegen  0.11/turn              l - +4 ring of protection

@: no status effects
A: large, unfitting armour, claws 3, regeneration 1, shaggy fur 1, tough skin 3
a: no special abilities


You were on level 4 of the Dungeon.
You visited 1 branch of the dungeon, and saw 4 of its levels.

You collected 173 gold pieces.

Inventory:

Armour
 b - a +0 robe (worn)
 c - a +0 hat (worn)
Jewellery
 i - a ring of protection from cold (left claw)
 l - a +4 ring of protection (right claw)
Wands
 s - a wand of polymorph (4)
Scrolls
 d - 2 scrolls of remove curse
 e - a scroll of identify
 g - 4 scrolls of blinking {unknown}
 h - 3 scrolls of immolation {unknown}
 k - 2 scrolls of teleportation {unknown}
 q - a scroll of enchant armour {unknown}
Potions
 a - 3 potions of curing
 f - a potion of resistance {unknown}
 j - a potion of might {unknown}
 m - a potion of mutation
 n - a potion of invisibility {unknown}
 o - a potion of lignification
 p - a potion of flight


   Skills:
 + Level 3.6 Dodging
 - Level 1.0 Stealth
 + Level 3.7 Unarmed Combat
 - Level 2.0 Spellcasting
 + Level 2.9 Conjurations
   Level 0.6 Summonings
   Level 0.6 Translocations


You had 8 spell levels left.
You knew the following spells:

 Your Spells              Type           Power        Failure   Level
a - Magic Dart            Conj           #...         9%          1

Your spell library contained the following spells:

 Spells                   Type           Power        Failure   Level
 Blink                    Tloc           N/A          34%         2
 Call Imp                 Summ           #.......     34%         2
 Slow                     Hex            #.......     41%         2
 Conjure Flame            Conj/Fire      #.......     43%         3
 Mephitic Cloud           Conj/Pois/Air  #.......     52%         3
 Ignite Poison            Fire/Tmut/Pois #.......     65%         3
 Fireball                 Conj/Fire      #.........   99%         5
 Starburst                Conj/Fire      #.........   100%        6
 Ignition                 Fire           #.........   100%        8


Dungeon Overview and Level Annotations

Branches:
Dungeon (4/15)
 Temple: D:4-7

Altars:
Trog
Yredelemnul


Innate Abilities, Weirdness & Mutations

You are too large for most types of armour.
You have claws for hands.
Your natural rate of healing is unusually fast.
You are covered in fur. (AC +1)
You have extremely tough skin. (AC +3)


Message History

You feel blessed for a moment.
It was a scroll of remove curse.
The two-headed ogre hits you with a +0 giant club!!
The two-headed ogre hits you with a +0 giant club!
You see here a scorpion corpse.
Okay, then.
There is a large open translucent door here.
Things that are here:
a wand of polymorph (4); an uncursed ring of ice
s - a wand of polymorph (4)
The two-headed ogre hits you with a +0 giant club!!
The two-headed ogre hits you with a +0 giant club!
* * * LOW HITPOINT WARNING * * *
You open the large door.
The two-headed ogre hits you with a +0 giant club!
* * * LOW HITPOINT WARNING * * *
The two-headed ogre closely misses you.
There is a large open translucent door here.
There is a large open translucent door here.
The two-headed ogre hits you with a +0 giant club!
You die...

#.###.#######.......#
#.#........#####.##.#
#...######..####.##.# #
#..##...[##......##.#.##
#..#.####.#..###.##....#
#..#...#[##........##..#
#..#.#.##.).##''##..#..... #
#..#.##|#####8.O8##.##.###. #
#..##)#..# #8=.@.8#.##.# .# #
#...###### #......#..#.# .# #
#...##### #.....(#....# .# ##
#..##... #8....8#.##.# .# #.
##.#†.#######8..8##.##.#
#.####<
#.#.##.#.'.##''##..##.###......
#.#.# #..#...............######
#†#.####.#.......#######.######
#.##....##..####...............


You could see a two-headed ogre.

Vanquished Creatures
  2 scorpions (D:4)
  A hound (D:4)
  Terence (D:3)
  Natasha (thrice) (D:3)
  2 orc wizards
  6 adders
  An ooze (D:1)
  An adder zombie (D:4)
  A dart slug (D:2)
  4 leopard geckos
  7 orcs
  A ball python (D:1)
  6 bats
  5 giant cockroaches
  4 goblins
  9 hobgoblins
  2 jackals (D:3)
  A quokka (D:4)
  2 frilled lizards
  8 kobolds
  2 rats (D:1)
69 creatures vanquished.

Notes
Turn   | Place    | Note
-------+----------+-------------------------------------------
     0 | D:1      | KristoblXynda the Troll Hedge Wizard began the quest for
                  | the Orb.
     0 | D:1      | Reached XP level 1. HP: 16/16 MP: 2/2
    75 | D:1      | Reached skill level 1 in Conjurations
   109 | D:1      | Reached XP level 2. HP: 24/24 MP: 4/4
   178 | D:1      | Reached skill level 1 in Unarmed Combat
   261 | D:1      | Reached XP level 3. HP: 23/31 MP: 5/5
   598 | D:2      | Found a basalt altar of Yredelemnul.
  1054 | D:2      | Reached XP level 4. HP: 28/39 MP: 6/6
  1237 | D:2      | Found a bloodstained altar of Trog.
  1272 | D:3      | Noticed Natasha
  1291 | D:3      | Killed Natasha
  1457 | D:3      | Noticed Terence
  1465 | D:3      | Killed Terence
  1465 | D:3      | Reached XP level 5. HP: 30/45 MP: 7/7
  1638 | D:3      | Noticed Natasha
  1645 | D:3      | Killed Natasha
  1683 | D:3      | Noticed Natasha
  1696 | D:3      | Killed Natasha
  1953 | D:4      | Found a large runed translucent door.
  1954 | D:4      | Found a large runed translucent door.
  1955 | D:4      | Found a large runed translucent door.
  1955 | D:4      | Found a large runed translucent door.
  1977 | D:4      | Reached XP level 6. HP: 52/53 MP: 8/8
  2200 | D:4      | Noticed a two-headed ogre
  2264 | D:4      | HP: 1/53 [two-headed ogre/+0 giant club (15)]
  2281 | D:4      | Slain by a two-headed ogre

Illustrated notes

Levels and vault maps discovered:
D:1:      eino_arrival_cavern_b, layout_basic, minmay_split_cup_large
D:2:      layout_basic, nicolae_overflow_crystal_walls, marbit_many_paths
D:3:      layout_basic, minmay_misc_feat_four_crosses, uniq_terence,
          uniq_natasha
D:4:      minmay_razor_zed, layout_loops_ring, minmay_hollow_rounded_squares

Skill      XL: |  1  2  3  4  5 |
---------------+----------------+-----
Conjurations   | 1 2 |  2.9
Unarmed Combat | 1 2 3 |  3.7
Dodging        | 2 3 |  3.6
Stealth        | |  1.0
Spellcasting   | |  2.0
Summonings     | |  0.6
Translocations | |  0.6

Action                   |  1- 3 |  4- 6 || total
-------------------------+-------+-------++-------
Melee: Unarmed           |   111 |   166 ||   277
       Punch             |       |     2 ||     2
  Use: Scroll            |       |     5 ||     5
 Stab: Sleeping          |     1 |       ||     1
Armor: Robe              |    60 |    75 ||   135
Dodge: Dodged            |    71 |    85 ||   156

Table legend: (Time is in decaauts)
 A = Elapsed time spent in this place.
 B = Non-inter-level travel time spent in this place.
 C = Inter-level travel time spent in this place.
 D = Time resting spent in this place.
 E = Time spent auto-exploring this place.
 F = Levels seen in this place.
 G = Mean time per level.
                   A        B        C        D        E       F      G
               +--------+--------+--------+--------+--------+-----+--------+
         Total |   2282 |   2268 |     14 |    137 |   1295 |   4 |  570.5 |
       Dungeon |   2282 |   2268 |     14 |    137 |   1295 |   4 |  570.5 |
               +--------+--------+--------+--------+--------+-----+--------+

Top non-repeatable levels by time:
     D:2: 765 daAuts
     D:3: 658 daAuts
     D:1: 496 daAuts
     D:4: 361 daAuts
